 Dungeon Crawl Stone Soup version 0.20.1-1-g8b1a95d (webtiles) character file.

8885 Kingsmith the Protected (level 11, -9/108 HPs)
             Began as a Gargoyle Fighter on Dec 12, 2017.
             Was an Elder of Trog.
             Mangled by a manticore (11 damage)
             ... on level 11 of the Dungeon.
             The game lasted 00:28:41 (10320 turns).

Kingsmith the Protected (Gargoyle Fighter)         Turns: 10320, Time: 00:28:42

Health: -9/108     AC: 24    Str: 31    XL:     11   Next: 37%
Magic:  11/11      EV:  8    Int:  8    God:    Trog [****..]
Gold:   486        SH:  0    Dex: 21    Spells: 10/10 levels left

rFire    + . .     SeeInvis .   w - +1 great sword "Ebbeoxiz" {pain, +Rage rN+ Dex+4}
rCold    + . .     Gourm    .   (shield currently unavailable)
rNeg     + + .     Faith    .   I - +1 plate armour "Emempyor" {Stlth+}
rPois    ∞         Spirit   .   (no helmet)
rElec    +         Reflect  .   K - scarf {rC+ rF+}
rCorr    .         Harm     .   l - +1 pair of gloves
MR       .....                  D - +1 pair of boots
Stlth    ..........             (no amulet)
Regen    0.3/turn               q - ring of the Queen {Dex+4 Stlth+}
MPRegen  0.2/turn               H - ring of Ashenzari's Vengeance {Str+3 Dex+3}

@: berserking (expiring), corroded, very quick
A: negative energy resistance 1, electricity resistance, unbreathing,
petrification resistance, rot immunity, AC +7
a: Berserk, Trog's Hand, Brothers in Arms, Burn Spellbooks, Renounce Religion,
Evoke Berserk Rage


You were on level 11 of the Dungeon.
You worshipped Trog.
Trog was greatly pleased with you.
You were hungry.

You visited 2 branches of the dungeon, and saw 12 of its levels.
You also visited: Ossuary.

You collected 486 gold pieces.

Inventory:

Hand Weapons
 a - a +1 long sword
 w - the +1 great sword "Ebbeoxiz" (weapon) {pain, +Rage rN+ Dex+4}
   (You found it on level 5 of the Dungeon)

   In the hands of one skilled in necromantic magic, it inflicts extra damage on
   living creatures.
   It affects your dexterity (+4).
   It protects you from negative energy.
   It lets you go berserk.
Missiles
 o - 2 javelins of returning (quivered)
Armour
 c - a +1 shield
 i - a +1 chain mail of fire resistance
 l - a +1 pair of gloves (worn)
 y - +2 ice dragon scales
 D - a +1 pair of boots (worn)
 I - the +1 plate armour "Emempyor" (worn) {Stlth+}
   (You found it on level 8 of the Dungeon)

   It makes you more stealthy.
 K - a scarf of resistance (worn)
 L - a +3 plate armour
Jewellery
 q - the ring of the Queen (left hand) {Dex+4 Stlth+}
   (You found it on level 4 of the Dungeon)

   [ring of stealth]

   It affects your dexterity (+4).
   It makes you more stealthy.
 E - an uncursed ring of protection from magic
 H - the ring of Ashenzari's Vengeance (right hand) {Str+3 Dex+3}
   (You acquired it on level 7 of the Dungeon)

   [ring of dexterity]

   It affects your strength (+3).
   It affects your dexterity (+3).
Wands
 k - a wand of confusion (25/48)
 r - a wand of iceblast (4/15)
 u - a wand of flame (48/48)
 A - a wand of disintegration (6/24)
 B - a wand of polymorph (10/24)
Scrolls
 b - 3 scrolls of teleportation
 m - 7 scrolls of remove curse
 C - 4 scrolls of recharging
 F - a scroll of magic mapping
 G - a scroll of acquirement
 N - a scroll of vulnerability {unknown}
Potions
 d - 3 potions of might
 e - 6 potions of mutation
 g - 7 potions of curing
 h - a potion of invisibility {unknown}
 j - 2 potions of lignification
 n - 5 potions of cancellation
 p - 5 potions of flight
 s - 3 potions of haste
 v - a potion of agility
 x - a potion of magic
 O - a potion of ambrosia {unknown}
Comestibles
 f - 6 bread rations
 t - 6 royal jellies
 z - 3 meat rations
 J - 8 fruits
 M - 3 chunks of flesh


   Skills:
 - Level 10.2 Fighting
 + Level 9.9 Long Blades
 - Level 10.5 Armour
 - Level 7.1 Shields


You had 10 spell levels left.
You didn't know any spells.

Dungeon Overview and Level Annotations

Branches:
Dungeon (11/15)            Temple (1/1) D:4            Lair (0/6) D:9
    Orc: D:9-12

Altars:
Ashenzari
Cheibriados
Dithmenos
Elyvilon
Fedhas
Gozag
Hepliaklqana
Kikubaaqudgha
Makhleb
Nemelex Xobeh
Okawaru
Qazlal
Ru
Sif Muna
Trog
Uskayaw
Vehumet
Xom
Yredelemnul
Zin
The Shining One


Innate Abilities, Weirdness & Mutations

You are resistant to torment.
Your stone body is resilient. (AC +7)
You are immune to poison.
You resist negative energy. (rN+)
You are resistant to electric shocks. (rElec)
You can survive without breathing.
You are immune to petrification.
You are immune to rotting.


Message History

The manticore barely misses you. The brown ugly thing trunk-slaps you!
* * * LOW HITPOINT WARNING * * *
You are splashed with acid!
The acid burns!
* * * LOW HITPOINT WARNING * * *
You slash the manticore!
You kill the manticore!
Trog accepts your kill. The manticore barely misses you.
The manticore claws you but does no damage. x2
You barely miss the brown ugly thing.
The brown ugly thing is moderately wounded.
The brown ugly thing trunk-slaps you but does no damage.
The manticore closely misses you. The manticore claws you.
* * * LOW HITPOINT WARNING * * *
The manticore claws you but does no damage.
The crimson imp barely misses you.
You riposte.
You closely miss the crimson imp. You hit the manticore but do no damage.
The brown ugly thing barely misses you. The manticore bites you!
You die...

######...##.###.##....#
............# #.# #..#
#######.###.###.# .#
#.# #.....#
##'######### ##..?##
##.....## ##.......##
#.....@...# +....H5u..+
#.........# ##..♣...♣.#
#.........#
#.♣...>...♣.# ##
....... ## #.♣.$.♣.#


You could see a brown ugly thing, a manticore and a crimson imp.

Vanquished Creatures
  2 two-headed ogres
  A manticore (D:11)
  Joseph (D:8)
  A troll (D:9)
  A hippogriff (D:8)
  A wraith (Ossuary)
  A spriggan (D:7)
  Grum (D:8)
  A water moccasin (D:7)
  An orc warrior (D:7)
  2 black bears
  3 ice beasts
  2 sky beasts
  2 phantoms
  A necrophage (D:6)
  2 ogres (D:8)
  3 wolves
  A crocodile (D:9)
  3 centaurs
  9 bullfrogs
  A scorpion (D:10)
  5 killer bees
  8 wights (D:7)
  6 howler monkeys
  2 electric eels (D:9)
  3 crimson imps
  5 jellies
  A quasit (D:10)
  15 hounds
  3 centaur skeletons
  An orc priest (D:7)
  5 orc wizards
  A bullfrog skeleton (D:6)
  6 iguanas
  9 worker ants
  3 hound skeletons
  2 mummies
  Robin (D:2)
  11 gnolls
  8 adders
  2 shadow imps
  3 worms
  4 dart slugs
  10 leopard geckos
  36 orcs
  7 giant cockroaches
  11 goblins
  11 hobgoblins
  11 jackals
  4 quokkas
  2 ball pythons
  10 bats
  6 frilled lizards
  8 gnoll skeletons (Ossuary)
  A jackal skeleton (D:4)
  A jackal zombie (D:7)
  4 kobolds
  8 kobold skeletons (Ossuary)
  A leopard gecko skeleton (D:4)
  9 orc skeletons (Ossuary)
  A quokka skeleton (D:5)
  A quokka zombie (D:5)
  8 rats
294 creatures vanquished.

Vanquished Creatures (collateral kills)
  A two-headed ogre (D:8)
  A necrophage (D:8)
  A bullfrog (D:8)
3 creatures vanquished.

Grand Total: 297 creatures vanquished

Notes
Turn   | Place    | Note
-------+----------+-------------------------------------------
     0 | D:1      | Kingsmith the Gargoyle Fighter began the quest for the Orb.
     0 | D:1      | Reached XP level 1. HP: 14/14 MP: 1/1
   214 | D:1      | Reached XP level 2. HP: 19/19 MP: 2/2
   594 | D:1      | Reached XP level 3. HP: 23/23 MP: 3/3
   779 | D:2      | Found a hazy altar of Hepliaklqana.
   833 | D:2      | Reached skill level 5 in Shields
   837 | D:2      | Reached XP level 4. HP: 12/28 MP: 4/4
  1449 | D:2      | Noticed Robin
  1473 | D:2      | Killed Robin
  1473 | D:2      | Reached XP level 5. HP: 30/32 MP: 5/5
  1674 | D:2      | Found a blossoming altar of Fedhas.
  2227 | D:3      | Found a shadowy altar of Dithmenos.
  2344 | D:3      | Reached XP level 6. HP: 30/37 MP: 6/6
  2396 | D:3      | Found a faded altar of an unknown god.
  2725 | D:4      | Got a shimmering amber ring
  2760 | D:4      | Identified the ring of the Queen {Dex+4 Stlth+} (You found it on level 4 of the Dungeon)
  3163 | D:4      | Found a staircase to the Ecumenical Temple.
  3169 | Temple   | Entered the Ecumenical Temple
  3186 | Temple   | Became a worshipper of Trog the Wrathful
  3476 | D:5      | Entered Level 5 of the Dungeon
  3644 | D:5      | Noticed an ice beast
  3709 | D:5      | Found a large runed door.
  3709 | D:5      | Found a large runed door.
  3747 | D:5      | Killed an ice beast
  3747 | D:5      | Reached skill level 5 in Armour
  3747 | D:5      | Reached XP level 7. HP: 41/41 MP: 7/7
  3815 | D:5      | Found a hazy altar of Hepliaklqana.
  3851 | D:5      | Found a sand-covered staircase.
  4022 | Ossuary  | Entered an ossuary
  4022 | Ossuary  | Noticed a wraith
  4022 | Ossuary  | Noticed a wraith
  4022 | Ossuary  | Noticed a wraith
  4056 | Ossuary  | Reached * piety under Trog
  4193 | Ossuary  | Noticed a wraith
  4213 | Ossuary  | Killed a wraith
  4671 | D:5      | Found a large runed door.
  4673 | D:5      | Found a large runed door.
  4705 | D:5      | Reached XP level 8. HP: 29/46 MP: 8/8
  4827 | D:5      | Got an ancient great sword
  4843 | D:5      | Identified the cursed +1 great sword "Ebbeoxiz" {pain, +Rage rN+ Dex+4} (You found it on level 5 of the Dungeon)
  5050 | D:5      | Reached ** piety under Trog
  5430 | D:6      | Found a sparkling altar of Nemelex Xobeh.
  6219 | D:7      | Reached skill level 5 in Fighting
  6219 | D:7      | Reached skill level 5 in Long Blades
  6383 | D:7      | Reached *** piety under Trog
  6383 | D:7      | Reached XP level 9. HP: 47/54 MP: 9/9
  6609 | D:7      | Found a snail-covered altar of Cheibriados.
  7167 | D:7      | Identified 2 scrolls of acquirement
  7170 | D:7      | Got a glittering granite ring
  7176 | D:7      | Identified the ring of Ashenzari's Vengeance {Str+3 Dex+3} (You acquired it on level 7 of the Dungeon)
  7226 | D:8      | Noticed a two-headed ogre
  7678 | D:8      | Reached **** piety under Trog
  7794 | D:8      | Noticed a two-headed ogre
  7804 | D:8      | Killed a two-headed ogre
  7804 | D:8      | Reached XP level 10. HP: 52/64 MP: 10/10
  7883 | D:8      | Got a steaming plate armour
  7885 | D:8      | Identified the +1 plate armour "Emempyor" {Stlth+} (You found it on level 8 of the Dungeon)
  8099 | D:8      | Found a glowing silver altar of Zin.
  8099 | D:8      | Found a radiant altar of Vehumet.
  8136 | D:8      | Noticed Joseph
  8153 | D:8      | Killed Joseph
  8309 | D:8      | Killed a two-headed ogre
  8309 | D:8      | Reached skill level 10 in Fighting
  8505 | D:8      | Noticed Grum
  8514 | D:8      | Killed Grum
  8842 | D:9      | Noticed a two-headed ogre
  8849 | D:9      | Killed a two-headed ogre
  8849 | D:9      | Reached skill level 10 in Armour
  8968 | D:9      | Reached XP level 11. HP: 72/72 MP: 11/11
  9129 | D:9      | Found a staircase to the Lair.
  9505 | D:10     | Entered Level 10 of the Dungeon
 10305 | D:11     | Noticed a manticore
 10306 | D:11     | Noticed a brown ugly thing
 10307 | D:11     | Noticed a manticore
 10318 | D:11     | Killed a manticore
 10319 | D:11     | HP: 2/108 [manticore (5)]
 10320 | D:11     | Mangled by a manticore

Skill      XL: |  1  2  3  4  5  6  7  8  9 10 11 |
---------------+----------------------------------+-----
Shields        | 4 5 6 7 |  7.1
Armour         | 5 7 8 10 | 10.5
Long Blades    | 5 7 8 9 |  9.9
Fighting       | 5 8 10 | 10.2

Action                   |  1- 3 |  4- 6 |  7- 9 | 10-12 || total
-------------------------+-------+-------+-------+-------++-------
Melee: Long sword        |    67 |   329 |   135 |       ||   531
       Great sword       |       |       |   255 |   227 ||   482
Throw: Javelin           |       |       |       |     2 ||     2
Invok: Burn Spellbooks   |       |     1 |     2 |       ||     3
       Berserk           |       |       |     1 |     6 ||     7
       Brothers in Arms  |       |       |     1 |       ||     1
Evoke: Wand              |       |       |     2 |       ||     2
  Use: Potion            |       |     1 |       |       ||     1
       Scroll            |       |     7 |    18 |     2 ||    27
 Stab: Sleeping          |       |       |     1 |       ||     1
  Eat: Chunk             |       |    10 |    12 |    12 ||    34
       Bread ration      |       |       |     1 |       ||     1
Armor: Scale mail        |    38 |    90 |       |       ||   128
       Chain mail        |       |   130 |    76 |       ||   206
       Ice dragon scales |       |       |   269 |       ||   269
       Plate armour      |       |       |       |   298 ||   298
Dodge: Dodged            |    21 |    84 |   164 |   134 ||   403
Block: Shield            |    36 |   214 |   116 |       ||   366
       Rpst.: Long sword |     7 |    34 |     9 |       ||    50
       Great sword       |       |       |    50 |    37 ||    87
